TOP OF THE 1ST |
Florida Men batting - Pitching for Ellenburg Fighting Dachsunds : RHP Benjamin Busto
|
Pitching: RHP Benjamin Busto
|
|
Batting: SHB Henrique de Senna Fernandes
|
0-0: Ground out 1-3 (Groundball, 13)
|
Batting: RHB José Córdova
|
0-0: Foul Ball, location: 2F 0-1: Swinging Strike 0-2: Fly out, F4 (Line Drive, 4)
|
Batting: RHB Vojtech Farkas
|
0-0: Ground out U3 (Groundball, 3L)
|
Top of the 1st over - 0 runs, 0 hits, 0 errors, 0 left on base; Florida 0 - Ellenburg 0 |
BOTTOM OF THE 1ST |
Ellenburg Fighting Dachsunds batting - Pitching for Florida Men : RHP Tyler MacHugh
|
Pitching: RHP Tyler MacHugh
|
|
Batting: SHB Theron Montecalvo
|
0-0: Ball 1-0: Fly out, F8 (Flyball, 8RXD)
|
Batting: SHB Ben Boston
|
0-0: Ball 1-0: Ball 2-0: Ball 3-0: Base on Balls
|
Batting: LHB Vladya Pugiev
|
0-0: Ball 1-0: Ball 2-0: Called Strike 2-1: DOUBLE (Line Drive, 8LD) Ben Boston to third
|
Batting: RHB Alan McLennan
|
0-0: Ball 1-0: Fly out, F9 (Flyball, 89D) Runner from 3rd tags up, SCORES, throw made
|
Batting: SHB Ted Tullo
|
0-0: Ball 1-0: Ball 2-0: Ball 3-0: Called Strike 3-1: Base on Balls
|
Batting: RHB Oscar McMillan
|
0-0: Called Strike 0-1: Fly out, F9 (Flyball, 9D)
|
Bottom of the 1st over - 1 run, 1 hit, 0 errors, 2 left on base; Florida 0 - Ellenburg 1 |
TOP OF THE 2ND |
Florida Men batting - Pitching for Ellenburg Fighting Dachsunds : RHP Benjamin Busto
|
Batting: LHB Iemitsu Hatsutori
|
0-0: Ball 1-0: Ball 2-0: Foul Ball, location: 2F 2-1: Called Strike 2-2: Strikes out swinging
|
Batting: RHB Bob Phillips
|
0-0: Fly out, F7 (Flyball, 7)
|
Batting: LHB Alfred Miles
|
0-0: Foul Ball, location: 2F 0-1: Ball 1-1: Ball 2-1: Foul Ball, location: 2F 2-2: Ball 3-2: Base on Balls
|
Batting: SHB Spencer Landes
|
0-0: Ball 1-0: Called Strike 1-1: Ball 2-1: Ball 3-1: Swinging Strike 3-2: Foul Ball, location: 2F 3-2: Foul Ball, location: 2F 3-2: Fly out, F4 (Popup, 34)
|
Top of the 2nd over - 0 runs, 0 hits, 0 errors, 1 left on base; Florida 0 - Ellenburg 1 |
BOTTOM OF THE 2ND |
Ellenburg Fighting Dachsunds batting - Pitching for Florida Men : RHP Tyler MacHugh
|
Batting: RHB Manuel Rosales
|
0-0: Foul Ball, location: 2F 0-1: Ball 1-1: Called Strike 1-2: Ball 2-2: Ball 3-2: Base on Balls
|
Batting: RHB Roy Bowman
|
0-0: Called Strike 0-1: Fly out, F4 (Popup, 3DF)
|
Batting: RHB José Vázquez
|
0-0: Ball 1-0: Called Strike 1-1: Ball Manuel Rosales steals 2nd base 2-1: Swinging Strike 2-2: Ball 3-2: Foul Ball, location: 2F 3-2: Single, Error in OF, E8, batter to second base Manuel Rosales scores
|
Batting: SHB Theron Montecalvo
|
0-0: Swinging Strike 0-1: Ball Balk! José Vázquez to third 1-1: Ground out 4-3 (Groundball, 4) José Vázquez scores
|
Batting: SHB Ben Boston
|
0-0: Ball 1-0: DOUBLE (Flyball, 8LD)
|
Batting: LHB Vladya Pugiev
|
0-0: Swinging Strike 0-1: Ball 1-1: Foul Ball, location: 2F 1-2: Ball 2-2: SINGLE (Line Drive, 7S) Ben Boston to third Runner from 3rd tries for Home, SAFE, throw made home Vladya Pugiev to second
|
Batting: RHB Alan McLennan
|
0-0: Ball 1-0: Ball 2-0: Swinging Strike 2-1: Ball 3-1: Base on Balls
|
Batting: SHB Ted Tullo
|
0-0: Ball 1-0: Called Strike 1-1: Ball 2-1: Ground out 4-3 (Groundball, 4)
|
Bottom of the 2nd over - 3 runs, 3 hits, 1 error, 2 left on base; Florida 0 - Ellenburg 4 |
TOP OF THE 3RD |
Florida Men batting - Pitching for Ellenburg Fighting Dachsunds : RHP Benjamin Busto
|
Batting: RHB Dave Norton
|
0-0: Ball 1-0: Ball 2-0: Fly out, F9 (Flyball, 9D)
|
Batting: LHB Bastyăo Lizardo
|
0-0: Called Strike 0-1: Called Strike 0-2: Ground out 4-3 (Groundball, 4)
|
Batting: SHB Henrique de Senna Fernandes
|
0-0: Fly out, F7 (Line Drive, 7)
|
Top of the 3rd over - 0 runs, 0 hits, 0 errors, 0 left on base; Florida 0 - Ellenburg 4 |
BOTTOM OF THE 3RD |
Ellenburg Fighting Dachsunds batting - Pitching for Florida Men : RHP Tyler MacHugh
|
Batting: RHB Oscar McMillan
|
0-0: Ball 1-0: Foul Ball, location: 2F 1-1: Ball 2-1: Ground out 6-3 (Groundball, 6)
|
Batting: RHB Manuel Rosales
|
0-0: Foul Ball, location: 2F 0-1: Swinging Strike 0-2: Strikes out swinging
|
Batting: RHB Roy Bowman
|
0-0: Foul Ball, location: 2F 0-1: Ball 1-1: Fly out, F9 (Flyball, 9LS)
|
Bottom of the 3rd over - 0 runs, 0 hits, 0 errors, 0 left on base; Florida 0 - Ellenburg 4 |
TOP OF THE 4TH |
Florida Men batting - Pitching for Ellenburg Fighting Dachsunds : RHP Benjamin Busto
|
Batting: RHB José Córdova
|
0-0: Foul Ball, location: 2F 0-1: Ball 1-1: Foul Ball, location: 2F 1-2: Ball 2-2: Strikes out looking
|
Batting: RHB Vojtech Farkas
|
0-0: Ball 1-0: Ball 2-0: Foul Ball, location: 2F 2-1: Swinging Strike 2-2: Foul Ball, location: 2F 2-2: Ball 3-2: Foul Ball, location: 2F 3-2: Base on Balls
|
Batting: LHB Iemitsu Hatsutori
|
0-0: Ball 1-0: Ball 2-0: Called Strike 2-1: Foul Ball, location: 2F 2-2: Foul Ball, location: 2F 2-2: Foul Ball, location: 2F 2-2: Foul Ball, location: 2F 2-2: Foul Ball, location: 2F 2-2: Ball 3-2: Base on Balls Vojtech Farkas to second
|
Batting: RHB Bob Phillips
|
0-0: Ball 1-0: Ball 2-0: 3-RUN HOME RUN (Flyball, 7D), Distance : 381 ft
|
Batting: LHB Alfred Miles
|
0-0: Ball 1-0: Called Strike 1-1: Called Strike 1-2: Ball 2-2: SINGLE (Groundball, 4D)
|
Batting: SHB Spencer Landes
|
0-0: Called Strike 0-1: Swinging Strike 0-2: Ball Alfred Miles is caught stealing 2nd base 1-2: Ball 2-2: Strikes out looking
|
Top of the 4th over - 3 runs, 2 hits, 0 errors, 0 left on base; Florida 3 - Ellenburg 4 |
BOTTOM OF THE 4TH |
Ellenburg Fighting Dachsunds batting - Pitching for Florida Men : RHP Tyler MacHugh
|
Batting: RHB José Vázquez
|
0-0: Ball 1-0: Called Strike 1-1: Ball 2-1: SINGLE (Groundball, 34S) (infield hit)
|
Batting: SHB Theron Montecalvo
|
0-0: Ball 1-0: Ball 2-0: Ball 3-0: Base on Balls José Vázquez to second
|
Batting: SHB Ben Boston
|
0-0: Ball 1-0: Foul Ball, location: 2F 1-1: Ball 2-1: Foul Ball, location: 2F 2-2: Ground out U3 (Groundball, 34S) José Vázquez to third Theron Montecalvo to second
|
Pitching: RHP Júlio Vázquez
|
|
Batting: LHB Vladya Pugiev
|
0-0: Called Strike 0-1: Ball 1-1: Called Strike 1-2: Ball 2-2: Fly out, F7 (Flyball, 7) Throwing error, E7 José Vázquez scores Theron Montecalvo to third
|
Batting: RHB Alan McLennan
|
0-0: Ball 1-0: Ball 2-0: Foul Ball, location: 2F 2-1: Foul Ball, location: 2F 2-2: Strikes out looking
|
Bottom of the 4th over - 1 run, 1 hit, 1 error, 1 left on base; Florida 3 - Ellenburg 5 |
TOP OF THE 5TH |
Florida Men batting - Pitching for Ellenburg Fighting Dachsunds : RHP Benjamin Busto
|
Batting: RHB Dave Norton
|
0-0: Called Strike 0-1: Fly out, F7 (Line Drive, 7)
|
Batting: LHB Bastyăo Lizardo
|
0-0: Ball 1-0: DOUBLE (Flyball, 89XD)
|
Pitching: RHP Addick Lubbers
|
|
Batting: SHB Henrique de Senna Fernandes
|
0-0: Foul Ball, location: 2F 0-1: Ball 1-1: Ball 2-1: Fly out, F7 (Flyball, 7)
|
Batting: RHB José Córdova
|
0-0: Ground out 3-1 (Groundball, 34)
|
Top of the 5th over - 0 runs, 1 hit, 0 errors, 1 left on base; Florida 3 - Ellenburg 5 |
BOTTOM OF THE 5TH |
Ellenburg Fighting Dachsunds batting - Pitching for Florida Men : RHP Júlio Vázquez
|
Batting: SHB Ted Tullo
|
0-0: Ball 1-0: Fly out, F9 (Flyball, 89D)
|
Batting: RHB Oscar McMillan
|
0-0: Foul Ball, location: 2F 0-1: Ball 1-1: Fly out, F8 (Flyball, 8RS)
|
Batting: RHB Manuel Rosales
|
0-0: Ball 1-0: DOUBLE (Flyball, 8LD)
|
Batting: RHB Roy Bowman
|
0-0: Called Strike 0-1: Ball 1-1: SINGLE (Flyball, 89S) Manuel Rosales to third Runner from 3rd tries for Home, SAFE, no throw
|
Batting: RHB José Vázquez
|
0-0: Called Strike 0-1: Foul Ball, location: 2F 0-2: Foul Ball, location: 2F 0-2: Ball 1-2: Ball 2-2: Fielders Choice at 2nd, 5-4 (Groundball, 5)
|
Bottom of the 5th over - 1 run, 2 hits, 0 errors, 1 left on base; Florida 3 - Ellenburg 6 |
TOP OF THE 6TH |
Florida Men batting - Pitching for Ellenburg Fighting Dachsunds : RHP Addick Lubbers
|
Batting: RHB Vojtech Farkas
|
0-0: SINGLE (Groundball, 56D)
|
Batting: LHB Iemitsu Hatsutori
|
0-0: 2-RUN HOME RUN (Flyball, 9D), Distance : 401 ft
|
Pitching: RHP Félix Santiago
|
|
Batting: RHB Bob Phillips
|
0-0: Foul Ball, location: 2F 0-1: Ball 1-1: Foul Ball, location: 2F 1-2: Ball 2-2: Ball 3-2: Foul Ball, location: 2F 3-2: Fly out, F9 (Flyball, 9LS)
|
Batting: LHB Alfred Miles
|
0-0: Ball 1-0: Called Strike 1-1: Ball 2-1: Ground out 6-3 (Groundball, 6M)
|
Batting: SHB Spencer Landes
|
0-0: Ball 1-0: SINGLE (Groundball, 34D)
|
Batting: RHB Dave Norton
|
0-0: Swinging Strike 0-1: Fly out, F7 (Flyball, 78S)
|
Top of the 6th over - 2 runs, 3 hits, 0 errors, 1 left on base; Florida 5 - Ellenburg 6 |
BOTTOM OF THE 6TH |
Ellenburg Fighting Dachsunds batting - Pitching for Florida Men : RHP Júlio Vázquez
|
Batting: SHB Theron Montecalvo
|
0-0: Called Strike 0-1: Fly out, F4 (Line Drive, 4)
|
Batting: SHB Ben Boston
|
0-0: Foul Ball, location: 2F 0-1: Ball 1-1: Foul Ball, location: 2F 1-2: Foul Ball, location: 2F 1-2: Ball 2-2: Ball 3-2: Foul Ball, location: 2F 3-2: Foul Ball, location: 2F 3-2: Ground out 4-3 (Groundball, 4)
|
Batting: LHB Vladya Pugiev
|
0-0: Called Strike 0-1: Fly out, F5 (Line Drive, 56)
|
Bottom of the 6th over - 0 runs, 0 hits, 0 errors, 0 left on base; Florida 5 - Ellenburg 6 |
TOP OF THE 7TH |
Florida Men batting - Pitching for Ellenburg Fighting Dachsunds : RHP Félix Santiago
|
Batting: LHB Bastyăo Lizardo
|
0-0: Ground out 4-3 (Groundball, 34)
|
Batting: SHB Henrique de Senna Fernandes
|
0-0: Ball 1-0: Called Strike 1-1: Fly out, F8 (Flyball, 89D)
|
Batting: RHB José Córdova
|
0-0: Ground out 1-3 (Groundball, 15)
|
Top of the 7th over - 0 runs, 0 hits, 0 errors, 0 left on base; Florida 5 - Ellenburg 6 |
BOTTOM OF THE 7TH |
Ellenburg Fighting Dachsunds batting - Pitching for Florida Men : RHP Júlio Vázquez
|
Batting: RHB Alan McLennan
|
0-0: Ball 1-0: Foul Ball, location: 2F 1-1: Foul Ball, location: 2F 1-2: SINGLE (Flyball, 8RS) - OUT at second base trying to stretch hit.
|
Batting: SHB Ted Tullo
|
0-0: Called Strike 0-1: Ball 1-1: Called Strike 1-2: Foul Ball, location: 2F 1-2: Foul Ball, location: 2F 1-2: Ball 2-2: Ball 3-2: Strikes out swinging
|
Batting: RHB Oscar McMillan
|
0-0: Ball 1-0: Called Strike 1-1: Foul Ball, location: 2F 1-2: Strikes out swinging
|
Bottom of the 7th over - 0 runs, 1 hit, 0 errors, 0 left on base; Florida 5 - Ellenburg 6 |
TOP OF THE 8TH |
Florida Men batting - Pitching for Ellenburg Fighting Dachsunds : RHP Félix Santiago
|
Now in LF: Mark Keys
|
|
Batting: RHB Vojtech Farkas
|
0-0: Called Strike 0-1: Swinging Strike 0-2: Strikes out swinging
|
Batting: LHB Iemitsu Hatsutori
|
0-0: Called Strike 0-1: Ball 1-1: Ball 2-1: Ball 3-1: Foul Ball, location: 2F 3-2: SINGLE (Line Drive, 4MD)
|
Pitching: RHP Melvin Tiburcio
|
|
Batting: RHB Bob Phillips
|
0-0: Ball 1-0: Ball 2-0: Called Strike 2-1: Ball 3-1: Base on Balls Iemitsu Hatsutori to second
|
Batting: LHB Alfred Miles
|
0-0: Swinging Strike 0-1: Foul Ball, location: 2F 0-2: Ball 1-2: Ball 2-2: Foul Ball, location: 2F 2-2: Ball 3-2: Strikes out swinging
|
Batting: SHB Spencer Landes
|
0-0: Ball 1-0: Called Strike 1-1: Ball 2-1: Ground out U3 (Groundball, 3)
|
Top of the 8th over - 0 runs, 1 hit, 0 errors, 2 left on base; Florida 5 - Ellenburg 6 |
BOTTOM OF THE 8TH |
Ellenburg Fighting Dachsunds batting - Pitching for Florida Men : RHP Júlio Vázquez
|
Batting: RHB Manuel Rosales
|
0-0: Ground out 5-3 (Groundball, 56S)
|
Batting: RHB Roy Bowman
|
0-0: Called Strike 0-1: Ball 1-1: Called Strike 1-2: Ball 2-2: Ball 3-2: Fly out, F9 (Line Drive, 89M)
|
Batting: RHB José Vázquez
|
0-0: Ball 1-0: Ball 2-0: Ball 3-0: Called Strike 3-1: Base on Balls
|
Pitching: RHP Wong Fei-Hung
|
|
Batting: SHB Theron Montecalvo
|
0-0: Ball 1-0: Ground out 4-3 (Groundball, 34)
|
Bottom of the 8th over - 0 runs, 0 hits, 0 errors, 1 left on base; Florida 5 - Ellenburg 6 |
TOP OF THE 9TH |
Florida Men batting - Pitching for Ellenburg Fighting Dachsunds : RHP Melvin Tiburcio
|
Pitching: RHP Garrett Harrington
|
|
Batting: RHB Dave Norton
|
0-0: Called Strike 0-1: Ball 1-1: SINGLE (Line Drive, 34)
|
Batting: LHB Bastyăo Lizardo
|
0-0: Foul Ball, location: 2F 0-1: Called Strike 0-2: Ball 1-2: Foul Ball, location: 2F 1-2: Ball 2-2: Ball 3-2: SINGLE (Flyball, 78S) Dave Norton to second Runner from 2nd tries for 3rd, SAFE, no throw
|
Batting: SHB Henrique de Senna Fernandes
|
0-0: Ball 1-0: Ball 2-0: Fly out, F7 (Flyball, 78D) Runner from 3rd tags up, SCORES, throw made
|
Batting: RHB José Córdova
|
0-0: Ball 1-0: Called Strike 1-1: Foul Ball, location: 2F 1-2: Hit by Pitch Bastyăo Lizardo to second
|
Batting: RHB Vojtech Farkas
|
0-0: Ball 1-0: Ball 2-0: Foul Ball, location: 2F 2-1: Ball 3-1: SINGLE (Line Drive, 34D) Bastyăo Lizardo to third José Córdova to second Runner from 3rd tries for Home, SAFE, no throw
|
Batting: LHB Iemitsu Hatsutori
|
0-0: Foul Ball, location: 2F 0-1: Ball 1-1: Swinging Strike 1-2: Ball 2-2: Foul Ball, location: 2F 2-2: Strikes out swinging
|
Batting: RHB Bob Phillips
|
0-0: Ball 1-0: Ball 2-0: Fly out, F8 (Flyball, 8RM)
|
Top of the 9th over - 2 runs, 3 hits, 0 errors, 2 left on base; Florida 7 - Ellenburg 6 |
BOTTOM OF THE 9TH |
Ellenburg Fighting Dachsunds batting - Pitching for Florida Men : RHP Wong Fei-Hung
|
Pitching: RHP Tomás Vargas
|
|
Batting: SHB Ben Boston
|
0-0: Called Strike 0-1: Called Strike 0-2: Foul Ball, location: 2F 0-2: Strikes out swinging
|
Batting: LHB Vladya Pugiev
|
0-0: SINGLE (Line Drive, 9S)
|
Pinch Hitting: SHB Norm Singletary
|
0-0: Ball 1-0: Ball 2-0: Called Strike 2-1: Foul Ball, location: 2F 2-2: Grounds into double play, 5-4-3 (Groundball, 56)
|
Bottom of the 9th over - 0 runs, 1 hit, 0 errors, 0 left on base; Florida 7 - Ellenburg 6 |
|